 Dungeon Crawl Stone Soup version 0.30-a0-802-gb92711bcdf (webtiles) character file.

Game seed: 9091144598477915278

477 AzureAlchemist the Conjurer (level 7, -2/32 HPs)
             Began as a Vine Stalker Conjurer on Feb 23, 2023.
             Slain by an iguana (9 damage)
             ... on level 4 of the Dungeon.
             The game lasted 00:11:58 (3666 turns).

AzureAlchemist the Conjurer (Vine Stalker Conjurer) Turns: 3666, Time: 00:11:59

Health: -2/32      AC:  5    Str: 10    XL:     7   Next: 11%
Magic:  0/15       EV: 11    Int: 25    God:
Gold:   75         SH:  0    Dex: 12    Spells: 3/16 levels left

rFire   . . .      SeeInvis .    a - +1 dagger (elec)
rCold   + . .      Faith    .    (no shield)
rNeg    + . .      Spirit   +    x - +1 leather armour of Classification {*Slow rPois rC+ Int+5}
rPois   +          Reflect  .    t - +0 helmet
rElec   .          Harm     .    h - scarf {repulsion}
rCorr   +          Rampage  .    (no gloves)
Will    .....                    (no boots)
Stlth   ++                       (no amulet)
HPRegen 1.05/turn                f - ring of positive energy
MPRegen 0.14/turn                y - ring of resist corrosion

@: very slightly contaminated, repel missiles
A: fangs 2, regeneration 1, magic shield, antimagic bite, no potion heal 2
a: no special abilities


You were on level 4 of the Dungeon.
You visited 1 branch of the dungeon, and saw 4 of its levels.

You collected 75 gold pieces.

Inventory:

Hand Weapons
 a - a +1 dagger of electrocution (weapon)
 b - a +0 arbalest
 c - a +5 dagger
Armour
 h - a scarf of repulsion (worn)
 t - a +0 helmet (worn)
 x - the +1 leather armour of Classification (worn) {*Slow rPois rC+ Int+5}
   (You found it on level 3 of the Dungeon)

   Int:       It affects your intelligence (+5).
   rC:        It protects you from cold.
   rPois:     It protects you from poison.
   *Slow:     It may slow you when you take damage.
Magical Staves
 A - a staff of air
Jewellery
 f - a ring of positive energy (left hand)
 y - a ring of resist corrosion (right hand)
Wands
 p - a wand of flame (18)
 C - a wand of polymorph (5)
 D - a wand of charming (13)
Scrolls
 k - a scroll of vulnerability {unknown}
 m - a scroll of poison {unknown}
 o - 2 scrolls of immolation {unknown}
 r - a scroll of magic mapping {unknown}
 v - 2 scrolls of identify {unknown}
 z - a scroll of enchant weapon {unknown}
 E - a scroll of silence {unknown}
Potions
 d - a potion of curing {unknown}
 e - a potion of attraction {unknown}
 g - a potion of haste {unknown}
 i - 2 potions of resistance {unknown}
 j - 2 potions of heal wounds {unknown}
 l - 3 potions of lignification {unknown}
 n - 2 potions of might {unknown}
 q - 2 potions of degeneration {unknown}
 s - a potion of flight {unknown}
 u - 2 potions of brilliance {unknown}
 w - a potion of magic
 B - 2 potions of berserk rage {unknown}


   Skills:
 - Level 1.5 Dodging
 - Level 2.4 Stealth
 - Level 5.0 Spellcasting
 - Level 5.0 Conjurations
 + Level 4.5 Translocations


You had 3 spell levels left.
You knew the following spells:

 Your Spells              Type           Power      Damage    Failure   Level
a - Magic Dart            Conj           100%       1d8       1%          1
b - Searing Ray           Conj           62%        2d6       2%          2
c - Iskenderun's Mystic   Conj/Tloc      30%        2d8       16%         4
d - Fulminant Prism       Conj/Hex       9%         3d7       36%         4
e - Blink                 Tloc           58%        N/A       2%          2

Your spell library contained the following spells:

 Spells                   Type           Power      Damage    Failure   Level
 Lesser Beckoning         Tloc           58%        N/A       2%          2
 Momentum Strike          Conj/Tloc      60%        3d9       2%          2
 Kiss of Death            Conj/Necr      72%        2d10      4%          1
 Dazzling Flash           Conj/Hex       36%        N/A       12%         3
 Portal Projectile        Hex/Tloc       34%        N/A       13%         3
 Confusing Touch          Hex            6%         N/A       32%         3
 Tukima's Dance           Hex            6%         N/A       32%         3
 Manifold Assault         Tloc           29%        N/A       17%         4
 Dispel Undead            Necr           6%         3d8       73%         4
 Dispersal                Tloc           14%        N/A       95%         6
 Blade Hands              Tmut           3%         N/A       97%         5
 Disjunction              Tloc           14%        N/A       100%        8


Dungeon Overview and Level Annotations

Branches:
Dungeon (4/15)
 Temple: D:4-7

Altars:
Trog


Innate Abilities, Weirdness & Mutations

You have extremely sharp teeth.
Your natural rate of healing is unusually fast.
When hurt, damage is shared between your health and your magic reserves.
Your bite disrupts and absorbs the magic of your enemies.
Potions cannot restore your health.


Message History

Aim: an iguana (moderately wounded, 82% to hit)
The searing ray hits the iguana.
The iguana is heavily wounded. (Press . to maintain the ray.)
The iguana barely misses you.
The searing ray hits the iguana.
The iguana is severely wounded.
The iguana bites you!
Your magical contamination has completely faded away.
The searing ray hits the iguana.
The iguana is almost dead.
The iguana bites you but does no damage.
The searing ray misses the iguana.
You finish channelling your searing ray.
The iguana bites you. The iguana closely misses you.
Casting: Searing Ray (safe; 2% risk of failure)
Confirm with . or Enter, or press ? or * to list all spells.
Aiming: Searing Ray (safe; 2% risk of failure)
Press: ? - help, Shift-Dir - straight line, f/p - iguana
Aim: an iguana (almost dead, 82% to hit)
You miscast Searing Ray.
You are very lightly contaminated with residual magic.
Nothing appears to happen.
The iguana hisses menacingly.
The iguana bites you! The iguana bites you.
You hear the crackle of electricity.
a - a +1 dagger of electrocution (weapon)
You hit the iguana. You bite the iguana, but do no damage.
The iguana is almost dead.
The iguana bites you!
* * * LOW HITPOINT WARNING * * *
You closely miss the iguana. You bite the iguana, but do no damage.
The iguana is almost dead.
The iguana barely misses you.
You closely miss the iguana.
The iguana is almost dead.
The iguana bites you!
You die...

#####.. .....$. .......
....... ....... #......
#.....'######
#.....'l@...#
#.....#####.# ######
###########.########.....
...............'.....
#######.########.....
........# #.....
######### #..... #.....
#.....


You could see an iguana.

Vanquished Creatures
  A scorpion (D:3)
  An orc priest (D:4)
  A hound (D:4)
  A gnoll bouda (D:4)
  Jessica (D:2)
  Terence (D:2)
  An iguana (D:4)
  Ijyb (D:4)
  Robin (D:2)
  5 adders
  8 gnolls (D:4)
  A dart slug (D:3)
  5 orcs
  6 endoplasms
  3 giant cockroaches
  15 goblins
  5 hobgoblins
  2 jackals (D:1)
  5 quokkas
  8 ball pythons
  8 bats
  A frilled lizard (D:1)
  10 kobolds
  11 rats
102 creatures vanquished.

Notes
Turn   | Place    | Note
-------+----------+-------------------------------------------
     0 | D:1      | AzureAlchemist the Vine Stalker Conjurer began the quest
                  | for the Orb.
     0 | D:1      | Reached XP level 1. HP: 9/9 MP: 4/4
   323 | D:1      | Reached XP level 2. HP: 13/13 MP: 2/6
   397 | D:1      | Learned a level 2 spell: Searing Ray
   756 | D:1      | Reached XP level 3. HP: 15/16 MP: 5/8
  1134 | D:2      | Noticed Jessica
  1146 | D:2      | Killed Jessica
  1147 | D:2      | Gained mutation: Your natural rate of healing is unusually
                  | fast. [Vine Stalker growth]
  1147 | D:2      | Reached XP level 4. HP: 21/21 MP: 5/10
  1240 | D:2      | Noticed Robin
  1404 | D:2      | Reached skill level 5 in Conjurations
  1409 | D:2      | Learned a level 4 spell: Iskenderun's Mystic Blast
  1414 | D:2      | Found a bloodstained altar of Trog.
  1483 | D:2      | Noticed Terence
  1523 | D:2      | Killed Terence
  1524 | D:2      | Reached skill level 1 in Translocations
  1524 | D:2      | Reached XP level 5. HP: 10/24 MP: 0/11
  1766 | D:2      | Killed Robin
  1807 | D:2      | Learned a level 4 spell: Fulminant Prism
  2277 | D:3      | Identified the +1 leather armour of Classification {*Slow
                  | rPois rC+ Int+5}
  2707 | D:3      | Reached XP level 6. HP: 28/28 MP: 13/13
  2710 | D:3      | Learned a level 2 spell: Blink
  3160 | D:4      | Noticed Ijyb
  3162 | D:4      | Reached skill level 5 in Spellcasting
  3248 | D:4      | Killed Ijyb
  3514 | D:4      | Reached XP level 7. HP: 28/32 MP: 6/15
  3666 | D:4      | Slain by an iguana

Illustrated notes

Levels and vault maps discovered:
D:1:      dpeg_arrival_tiny_d, layout_loops_ring
D:2:      layout_loops_ring, basic_altar, minmay_misc_feat_hallway,
          minmay_rat_gold_closets, uniq_terence, uniq_jessica, uniq_robin
D:3:      layout_loops_ring
D:4:      layout_basic, uniq_ijyb

Skill      XL: |  1  2  3  4  5  6 |
---------------+-------------------+-----
Spellcasting   | 3 4 5 |  5.0
Conjurations   | 5 |  5.0
Translocations | 1 2 4 |  4.5
Dodging        | |  1.5
Stealth        | |  2.4

Action                     |  1- 3 |  4- 6 |  7- 9 || total
---------------------------+-------+-------+-------++-------
  Melee: Unarmed           |     6 |       |       ||     6
         Bite              |     9 |     7 |     2 ||    18
         Dagger            |    22 |    26 |     3 ||    51
         Club              |       |    21 |       ||    21
   Fire: Arbalest          |       |    35 |     1 ||    36
   Cast: Magic Dart        |    24 |       |       ||    24
         Searing Ray       |     9 |    26 |     3 ||    38
   Stab: Sleeping          |       |     4 |       ||     4
 Armour: Robe              |    12 |     5 |       ||    17
         Leather armour    |       |    16 |     2 ||    18
  Dodge: Dodged            |    26 |    43 |     5 ||    74
         Repelled          |       |     2 |       ||     2

Table legend: (Time is in decaauts)
 A = Elapsed time spent in this place.
 B = Non-inter-level travel time spent in this place.
 C = Inter-level travel time spent in this place.
 D = Time resting spent in this place.
 E = Time spent auto-exploring this place.
 F = Levels seen in this place.
 G = Mean time per level.
                   A        B        C        D        E       F      G
               +--------+--------+--------+--------+--------+-----+--------+
         Total |   3702 |   3593 |    109 |    406 |   2525 |   4 |  925.5 |
       Dungeon |   3702 |   3593 |    109 |    406 |   2525 |   4 |  925.5 |
               +--------+--------+--------+--------+--------+-----+--------+

Top non-repeatable levels by time:
     D:1: 1191 daAuts
     D:2: 1073 daAuts
     D:3: 1027 daAuts
     D:4: 410 daAuts
